NCAA
WASHINGTON HUSKIES @ ARKANSAS RAZORBACKS
05/15/2025
 
TOP OF THE 1ST
Washington Huskies batting - Pitching for Arkansas Razorbacks : LHP Henry Pacheco
Pitching: LHP Henry Pacheco
Batting: RHB Frank Martínez 0-0: Ball
1-0: SINGLE (Groundball, 56D) (infield hit)
Batting: RHB Fernando Castellanos 0-0: Called Strike
0-1: Swinging Strike
0-2: Strikes out swinging
Batting: RHB Jacob Pope 0-0: Called Strike
0-1: Swinging Strike
0-2: Ball
1-2: Fly out, F7 (Flyball, 78M)
Batting: SHB José Ruíz 0-0: Called Strike
0-1: Ball
1-1: Ground out 5-3 (Groundball, 5S)
Top of the 1st over - 0 run(s), 1 hit(s), 0 error(s), 1 left on base; Washington 0 - Arkansas 0
BOTTOM OF THE 1ST
Arkansas Razorbacks batting - Pitching for Washington Huskies : RHP Dave Weeks
Pitching: RHP Dave Weeks
Batting: RHB Domingo Morales 0-0: Ball
1-0: Called Strike
1-1: Swinging Strike
1-2: Strikes out looking
Batting: RHB Andrew Weatherly 0-0: Fly out, F9 (Flyball, 9M)
Batting: LHB Richard Hinkle 0-0: Ball
1-0: Called Strike
1-1: Ball
2-1: Foul Ball, location: 2F
2-2: Strikes out looking
Bottom of the 1st over - 0 run(s), 0 hit(s), 0 error(s), 0 left on base; Washington 0 - Arkansas 0
TOP OF THE 2ND
Washington Huskies batting - Pitching for Arkansas Razorbacks : LHP Henry Pacheco
Batting: LHB Giraldo Jennings 0-0: Called Strike
0-1: Called Strike
0-2: Strikes out swinging
Batting: LHB Sam Clay 0-0: Ball
1-0: Ball
2-0: SINGLE (Flyball, 8RS)
Batting: RHB Carlos Sousa 0-0: Swinging Strike
0-1: Ball
1-1: Called Strike
1-2: Hit by Pitch
Sam Clay to second
Batting: RHB Christian Martin 0-0: Called Strike
0-1: Called Strike
0-2: Grounds into double play, U5-3 (Groundball, 5L)
Top of the 2nd over - 0 run(s), 1 hit(s), 0 error(s), 1 left on base; Washington 0 - Arkansas 0
BOTTOM OF THE 2ND
Arkansas Razorbacks batting - Pitching for Washington Huskies : RHP Dave Weeks
Batting: LHB Carter Sweet 0-0: Foul Ball, location: 2F
0-1: SOLO HOME RUN (Flyball, 9D), Distance : 356 ft
Batting: RHB Stan Simpson 0-0: Ground out 4-3 (Groundball, 4)
Batting: RHB Jon Anderson 0-0: Called Strike
0-1: Ball
1-1: Foul Ball, location: 2F
1-2: Ball
2-2: Strikes out swinging
Batting: LHB Paul Valentine 0-0: Ball
1-0: Ground out 3-1 (Groundball, 34)
Bottom of the 2nd over - 1 run(s), 1 hit(s), 0 error(s), 0 left on base; Washington 0 - Arkansas 1
TOP OF THE 3RD
Washington Huskies batting - Pitching for Arkansas Razorbacks : LHP Henry Pacheco
Batting: RHB Luis Maestas 0-0: Ball
1-0: Fly out, F8 (Flyball, 8LM)
Batting: RHB Frank Martínez 0-0: Ball
1-0: Ball
2-0: Called Strike
2-1: Ground out 5-3 (Groundball, 56)
Batting: RHB Fernando Castellanos 0-0: Ball
1-0: Foul Ball, location: 2F
1-1: Ball
2-1: Ball
3-1: Base on Balls
Batting: RHB Jacob Pope 0-0: Ball
1-0: Ball
2-0: Ground out 4-3 (Groundball, 34)
Top of the 3rd over - 0 run(s), 0 hit(s), 0 error(s), 1 left on base; Washington 0 - Arkansas 1
BOTTOM OF THE 3RD
Arkansas Razorbacks batting - Pitching for Washington Huskies : RHP Dave Weeks
Batting: RHB Cipriano Vega 0-0: Ball
1-0: Fly out, F6 (Line Drive, 6)
Batting: RHB Heath O'Keerwin 0-0: Ball
1-0: Called Strike
1-1: Foul Ball, location: 2F
1-2: Foul Ball, location: 2F
1-2: Ball
2-2: Foul Ball, location: 2F
2-2: Foul Ball, location: 2F
2-2: Strikes out swinging
Batting: RHB Domingo Morales 0-0: Ground out 4-3 (Groundball, 4M)
Bottom of the 3rd over - 0 run(s), 0 hit(s), 0 error(s), 0 left on base; Washington 0 - Arkansas 1
TOP OF THE 4TH
Washington Huskies batting - Pitching for Arkansas Razorbacks : LHP Henry Pacheco
Batting: SHB José Ruíz 0-0: Swinging Strike
0-1: Fly out, F4 (Popup, 4D)
Batting: LHB Giraldo Jennings 0-0: Ball
1-0: Ball
2-0: Foul Ball, location: 2F
2-1: Called Strike
2-2: Fly out, F7 (Flyball, 7D)
Batting: LHB Sam Clay 0-0: Ball
1-0: Fly out, F5 (Popup, 5SF)
Top of the 4th over - 0 run(s), 0 hit(s), 0 error(s), 0 left on base; Washington 0 - Arkansas 1
BOTTOM OF THE 4TH
Arkansas Razorbacks batting - Pitching for Washington Huskies : RHP Dave Weeks
Batting: RHB Andrew Weatherly 0-0: Ball
1-0: Ball
2-0: Ball
3-0: Called Strike
3-1: Fly out, F8 (Flyball, 8LD)
Batting: LHB Richard Hinkle 0-0: Foul Ball, location: 2F
0-1: Swinging Strike
0-2: Ball
1-2: Ball
2-2: DOUBLE (Line Drive, 7LS)
Batting: LHB Carter Sweet 0-0: Called Strike
0-1: Fly out, F7 (Flyball, 7M)
0-1: Lined into DP, 7-4 (Flyball, 7M)
Bottom of the 4th over - 0 run(s), 1 hit(s), 0 error(s), 0 left on base; Washington 0 - Arkansas 1
TOP OF THE 5TH
Washington Huskies batting - Pitching for Arkansas Razorbacks : LHP Henry Pacheco
Batting: RHB Carlos Sousa 0-0: Called Strike
0-1: SINGLE (Flyball, 78S)
Batting: RHB Christian Martin 0-0: Ball
1-0: Called Strike
1-1: Foul Ball, location: 2F
1-2: Strikes out swinging
Batting: RHB Luis Maestas 0-0: Fielders Choice at 2nd, 6-4 (Groundball, 6)
Batting: RHB Frank Martínez 0-0: Swinging Strike
0-1: Called Strike
Luis Maestas steals 2nd base
0-2: Ball
1-2: Strikes out looking
Top of the 5th over - 0 run(s), 1 hit(s), 0 error(s), 1 left on base; Washington 0 - Arkansas 1
BOTTOM OF THE 5TH
Arkansas Razorbacks batting - Pitching for Washington Huskies : RHP Dave Weeks
Batting: RHB Stan Simpson 0-0: Ball
1-0: Foul Ball, location: 2F
1-1: Ball
2-1: SINGLE (Line Drive, 8RS)
Batting: RHB Jon Anderson 0-0: Called Strike
0-1: Swinging Strike
0-2: Foul Ball, location: 2F
0-2: Reached on error, E4 (Groundball, 4)
Stan Simpson to second
Batting: LHB Paul Valentine 0-0: Called Strike
0-1: Swinging Strike
0-2: Ball
1-2: Ball
2-2: Foul Ball, location: 2F
2-2: Strikes out swinging
Batting: RHB Cipriano Vega 0-0: Fly out, F6 (Popup, 6MS)
Batting: RHB Heath O'Keerwin 0-0: Ball
1-0: Ball
2-0: Ball
3-0: Base on Balls
Stan Simpson to third
Jon Anderson to second
Batting: RHB Domingo Morales 0-0: Fly out, F9 (Flyball, 89S)
Bottom of the 5th over - 0 run(s), 1 hit(s), 1 error(s), 3 left on base; Washington 0 - Arkansas 1
TOP OF THE 6TH
Washington Huskies batting - Pitching for Arkansas Razorbacks : LHP Henry Pacheco
Batting: RHB Fernando Castellanos 0-0: Called Strike
0-1: Swinging Strike
0-2: Foul Ball, location: 2F
0-2: Ball
1-2: Ground out 4-3 (Groundball, 4)
Batting: RHB Jacob Pope 0-0: Ball
1-0: Fly out, F8 (Line Drive, 8RM)
Batting: SHB José Ruíz 0-0: Called Strike
0-1: Foul Ball, location: 2F
0-2: Foul Ball, location: 2F
0-2: Strikes out swinging
Top of the 6th over - 0 run(s), 0 hit(s), 0 error(s), 0 left on base; Washington 0 - Arkansas 1
BOTTOM OF THE 6TH
Arkansas Razorbacks batting - Pitching for Washington Huskies : RHP Dave Weeks
Batting: RHB Andrew Weatherly 0-0: Called Strike
0-1: Ball
1-1: Swinging Strike
1-2: Ball
2-2: Fly out, F9 (Line Drive, 9LS)
Batting: LHB Richard Hinkle 0-0: Called Strike
0-1: Ball
1-1: Foul Ball, location: 2F
1-2: Foul Ball, location: 2F
1-2: Strikes out swinging
Batting: LHB Carter Sweet 0-0: Ball
1-0: Foul Ball, location: 2F
1-1: Foul Ball, location: 2F
1-2: Ground out 1-3 (Groundball, 13)
Bottom of the 6th over - 0 run(s), 0 hit(s), 0 error(s), 0 left on base; Washington 0 - Arkansas 1
TOP OF THE 7TH
Washington Huskies batting - Pitching for Arkansas Razorbacks : LHP Henry Pacheco
Batting: LHB Giraldo Jennings 0-0: Foul Ball, location: 2F
0-1: Ball
1-1: Called Strike
1-2: Ball
2-2: DOUBLE (Flyball, 8LS)
Batting: LHB Sam Clay 0-0: Ball
1-0: Foul Ball, location: 2F
1-1: Swinging Strike
1-2: Ball
2-2: Strikes out looking
Pitching: RHP Kelly Russell
Batting: RHB Carlos Sousa 0-0: Ground out 6-3 (Groundball, 6)
Batting: RHB Christian Martin 0-0: Called Strike
0-1: SINGLE (Groundball, 34)
Giraldo Jennings to third
Runner from 3rd tries for Home, SAFE, no throw or cutoff
Batting: RHB Luis Maestas 0-0: Ball
1-0: Foul Ball, location: 2F
1-1: Swinging Strike
1-2: Strikes out swinging
Top of the 7th over - 1 run(s), 2 hit(s), 0 error(s), 1 left on base; Washington 1 - Arkansas 1
BOTTOM OF THE 7TH
Arkansas Razorbacks batting - Pitching for Washington Huskies : RHP Dave Weeks
Batting: RHB Stan Simpson 0-0: Called Strike
0-1: Ball
1-1: Foul Ball, location: 2F
1-2: Strikes out swinging
Pitching: RHP Dave Woods
Batting: RHB Jon Anderson 0-0: Called Strike
0-1: Swinging Strike
0-2: Ball
1-2: Strikes out looking
Batting: LHB Paul Valentine 0-0: Called Strike
0-1: Swinging Strike
0-2: Ball
1-2: Fly out, F6 (Popup, 6MD)
Bottom of the 7th over - 0 run(s), 0 hit(s), 0 error(s), 0 left on base; Washington 1 - Arkansas 1
TOP OF THE 8TH
Washington Huskies batting - Pitching for Arkansas Razorbacks : RHP Kelly Russell
Batting: RHB Frank Martínez 0-0: Ball
1-0: Called Strike
1-1: Ball
2-1: Ball
3-1: Base on Balls
Batting: RHB Fernando Castellanos 0-0: Bunt missed!
0-1: Bunted foul
0-2: Strikes out swinging
Batting: RHB Jacob Pope 0-0: Called Strike
0-1: Called Strike
0-2: Hit by Pitch
Frank Martínez to second
Batting: SHB José Ruíz 0-0: Foul Ball, location: 2F
0-1: Ball
1-1: Ball
2-1: Ball
3-1: Foul Ball, location: 2F
3-2: Base on Balls
Frank Martínez to third
Jacob Pope to second
Batting: LHB Giraldo Jennings 0-0: Foul Ball, location: 2F
0-1: Ball
1-1: Swinging Strike
1-2: Ball
2-2: Strikes out swinging
Batting: LHB Sam Clay 0-0: Reached on Error, E7 (Flyball, 78M)
Frank Martínez scores
Jacob Pope scores
José Ruíz to third
Batting: RHB Carlos Sousa 0-0: Ball
1-0: Ball
2-0: Foul Ball, location: 2F
2-1: Ball
3-1: Base on Balls
Pitching: RHP Logan Webster
Batting: RHB Christian Martin 0-0: Called Strike
0-1: Called Strike
0-2: Ground out 4-3 (Groundball, 4)
Top of the 8th over - 2 run(s), 0 hit(s), 1 error(s), 3 left on base; Washington 3 - Arkansas 1
BOTTOM OF THE 8TH
Arkansas Razorbacks batting - Pitching for Washington Huskies : RHP Dave Woods
Now at 3B: Jim Williams
Batting: RHB Cipriano Vega 0-0: Ball
1-0: Ball
2-0: Ball
3-0: Base on Balls
Pitching: RHP David Henderson
Batting: RHB Heath O'Keerwin 0-0: Ball
1-0: Swinging Strike
1-1: Swinging Strike
1-2: Ball
2-2: Strikes out looking
Batting: RHB Domingo Morales 0-0: Called Strike
0-1: Swinging Strike
0-2: Foul Ball, location: 2F
0-2: Ball
1-2: Strikes out swinging
Batting: RHB Andrew Weatherly 0-0: Called Strike
0-1: Fly out, F8 (Flyball, 8RXD)
Bottom of the 8th over - 0 run(s), 0 hit(s), 0 error(s), 1 left on base; Washington 3 - Arkansas 1
TOP OF THE 9TH
Washington Huskies batting - Pitching for Arkansas Razorbacks : RHP Logan Webster
Batting: RHB Luis Maestas 0-0: Foul Ball, location: 2F
0-1: Ball
1-1: Called Strike
1-2: Strikes out swinging
Batting: RHB Frank Martínez 0-0: Ball
1-0: Called Strike
1-1: Ball
2-1: Ground out 6-3 (Groundball, 6)
Batting: RHB Fernando Castellanos 0-0: Ball
1-0: Ball
2-0: Ball
3-0: Base on Balls
Batting: RHB Jacob Pope 0-0: Ball
1-0: Ball
2-0: Ball
3-0: Called Strike
3-1: Foul Ball, location: 2F
3-2: Base on Balls
Fernando Castellanos to second
Batting: SHB José Ruíz 0-0: Called Strike
0-1: Foul Ball, location: 2F
0-2: SINGLE (Line Drive, 4D)
Fernando Castellanos to third
Jacob Pope to second
Batting: LHB Giraldo Jennings 0-0: Called Strike
0-1: Ball
1-1: Ball
2-1: Ball
3-1: Base on Balls
Fernando Castellanos scores
Jacob Pope to third
José Ruíz to second
Batting: LHB Sam Clay 0-0: Ball
1-0: Ball
2-0: Ball
3-0: Called Strike
3-1: Called Strike
3-2: Strikes out looking
Top of the 9th over - 1 run(s), 1 hit(s), 0 error(s), 3 left on base; Washington 4 - Arkansas 1
BOTTOM OF THE 9TH
Arkansas Razorbacks batting - Pitching for Washington Huskies : RHP David Henderson
Pitching: LHP Ty Baker
Batting: LHB Richard Hinkle 0-0: Ball
1-0: Swinging Strike
1-1: Ball
2-1: Ball
3-1: Foul Ball, location: 2F
3-2: Foul Ball, location: 2F
3-2: Ground out 6-3 (Groundball, 6M)
Batting: LHB Carter Sweet 0-0: Called Strike
0-1: Ball
1-1: Ball
2-1: Ball
3-1: Swinging Strike
3-2: Foul Ball, location: 2F
3-2: SINGLE (Line Drive, 89S)
Batting: RHB Stan Simpson 0-0: Fly out, F7 (Flyball, 7M)
Batting: RHB Jon Anderson 0-0: Ball
1-0: Ball
2-0: Called Strike
2-1: Ball
3-1: Base on Balls
Carter Sweet to second
Batting: LHB Paul Valentine 0-0: Ball
1-0: Ball
2-0: Called Strike
2-1: Called Strike
2-2: Ball
3-2: Foul Ball, location: 2F
3-2: Reached on Error, E8 (Flyball, 8LD)
Carter Sweet scores
Jon Anderson to third
Pinch Hitting: RHB Chet White 0-0: Called Strike
0-1: Foul Ball, location: 2F
0-2: Strikes out swinging
Bottom of the 9th over - 1 run(s), 1 hit(s), 1 error(s), 2 left on base; Washington 4 - Arkansas 2
This league is powered by Out of the Park Baseball, the baseball management simulation game for PC, Mac and Linux
Tuesday, August 2nd, 2016 - OOTP Baseball 16.8 Build 38